Construct Weapon Support Center
Selects Advanced Infantry Battlegroup
Selects Convert to Ranger Squad
Mechanized Support Center
Improved M9 Bazooka Rockets
Selects Frontline Medical Station
M1918 Browning Automatic Rifles
M3 75 mm Gun Motor Carriage
Selects Artillery Observers
Designate Forward Repair Station
Selects M2A1 105mm Howitzer Emplacement
M3 75 mm Gun Motor Carriage
Selects Ranger Weapon Training
Selects 155mm Rapid Artillery Barrage
155mm Rapid Artillery Barrage